 Dungeon Crawl Stone Soup version 0.14-a0-1576-gf4c5cb9 (webtiles) character file.

2192 Jenx the Slicer (level 9, 0/51 HPs)
             Began as a Kobold Berserker on Dec 21, 2013.
             Was a Priest of Trog.
             Slain by a sky beast (6 damage)
             ... on Level 8 of the Dungeon.
             The game lasted 00:26:59 (6956 turns).

Jenx the Slicer (Kobold Berserker)                  Turns: 6956, Time: 00:26:59

HP   0/51        AC  3     Str 17      XL: 9   Next: 39%
MP   9/9         EV 15     Int  5      God: Trog [***...]
Gold 277         SH  0     Dex 17      Spells:  0 memorised,  8 levels left

rFire  . . .     SeeInvis .     a - +2,+0 orc dagger (drain)
rCold  . . .     Clarity  .     A - +0 elf robe
rNeg   . . .     Conserve .     (no shield)
rPois  .         rCorr    .     (no helmet)
rElec  .         rRot     .     (no cloak)
SustAb . .       Spirit   .     E - +0 pair of gloves
rMut   .         Warding  .     (no boots)
Saprov + + .     Stasis   .     (no amulet)
                                (no ring)
                                (no ring)

@: slightly resistant to hostile enchantments, extremely stealthy
A: disease resistance, carnivore 3, saprovore 2
a: Burn Spellbooks, Berserk, Trog's Hand, Renounce Religion


You were on level 8 of the Dungeon.
You worshipped Trog.
Trog was most pleased with you.
You were full.

You visited 1 branch of the dungeon, and saw 8 of its levels.

You collected 327 gold pieces.
You spent 50 gold pieces at shops.

Inventory:

Hand weapons
 a - a +2,+0 orcish dagger of draining (weapon)
 b - a +0 blowgun
 s - a +1,+0 dwarven short sword
Missiles
 i - 4 tomahawks (quivered)
 q - 19 poisoned needles
Armour
 A - a +0 elven robe (worn)
 E - a +0 pair of gloves (worn)
Magical devices
 o - a wand of magic darts (24)
Comestibles
 c - 3 meat rations
Scrolls
 d - 7 scrolls of identify
 e - 4 scrolls of fog {unknown}
 f - 2 scrolls of fear
 g - 4 scrolls of teleportation
 j - a scroll of remove curse
 l - 2 scrolls of blinking {unknown}
 n - a scroll of recharging
 p - 2 scrolls of enchant armour {unknown}
 t - a scroll of amnesia {unknown}
 v - a scroll of noise {unknown}
 w - a scroll of curse weapon {unknown}
 x - a scroll of enchant weapon II {unknown}
 y - a scroll of enchant weapon I {unknown}
 B - 3 scrolls of immolation {unknown}
 D - a scroll of enchant weapon III {unknown}
 F - a scroll of curse jewellery {unknown}
Jewellery
 m - an uncursed amulet of stasis
 u - an uncursed amulet of stasis
Potions
 h - 2 potions of brilliance
 k - 3 potions of might
 r - a potion of mutation
 z - a potion of restore abilities
 C - a potion of speed {unknown}
 G - a potion of heal wounds
 H - 3 potions of curing
 I - a potion of paralysis {unknown}
Books
 J - a book of the Earth

   Spells                             Type                      Level
   Dig                                Earth                        4
   Leda's Liquefaction                Hexes/Earth                  4
   Bolt of Magma                      Conjuration/Fire/Earth       5
   Statue Form                        Transmutation/Earth          6
   Iron Shot                          Conjuration/Earth            6
   Shatter                            Earth                        9
   Trog disapproves of the use of such an item.


   Skills:
 - Level 3.2 Fighting
 * Level 12.3 Short Blades
 - Level 1.5 Armour
 - Level 2.4 Dodging
 - Level 10.0 Stealth


You had 8 spell levels left.
You didn't know any spells.

Dungeon Overview and Level Annotations

Branches:
Dungeon (8/16)             Temple (0/1) D:6
   Lair: D:8-11

Altars:
Okawaru
Xom
Yredelemnul
the Shining One

Shops:
D:7 *

Annotations:
D:8 Gastronok


Innate Abilities, Weirdness & Mutations

You recuperate from illness quickly.
You are small and have problems with some larger weapons.
You are carnivorous and can eat meat at any time.
You can eat rotten meat.


Message History

Deactivating autopickup; reactivate with Ctrl-A.
It hits you. It shocks you.
* * * LOW HITPOINT WARNING * * *
The bat closely misses you.
You continue eating.
The bat hits you but does no damage. The kobold barely misses you.
A sky beast appears from thin air!
Reactivating autopickup.
The sky beast barely misses you. The bat hits you but does no damage.
You continue eating.
The bat hits you but does no damage. The kobold hits you.
* * * LOW HITPOINT WARNING * * *
The sky beast hits you but does no damage.
You continue eating.
The bat hits you but does no damage. The kobold barely misses you.
Gastronok glows a brilliant shade of cerise.
The sky beast hits you.
* * * LOW HITPOINT WARNING * * *
The sky beast shocks you!
You die...

..#...########...#.#.###
......................
............##........ .
............##........
...........)...##...#####
#..............+......
......###......##......
...j.G.###rb.(...#.....
.........rK@.(...#....
.....##...I......#. .
#...##+#..... #......
...... ......... .....
.^^^...... . .
.^_^....... ^.^......
....


You could see Gastronok, a sky beast, a giant eyeball, 2 grey rats, a bat and a
kobold.

Vanquished Creatures
  A spriggan (D:7)
  A necrophage (D:5)
  A crocodile (D:7)
  A phantom (D:5)
  2 ogres
  Sigmund (D:5)
  2 centaurs
  2 black bears
  A crimson imp (D:5)
  A hound (D:6)
  An orc priest (D:7)
  An orc wizard (D:3)
  A scorpion (D:3)
  3 hound zombies
  An ogre skeleton (D:4)
  5 worker ants
  Terence (D:2)
  10 adders
  3 giant mites
  An iguana zombie (D:7)
  2 adder skeletons
  An iguana skeleton (D:5)
  A giant eyeball (D:7)
  A giant gecko (D:3)
  An ooze (D:4)
  8 orcs
  11 bats
  3 giant cockroaches
  15 goblins
  9 hobgoblins
  10 kobolds
  4 quokkas
  6 giant newts
  3 jackals (D:3)
  A kobold zombie (D:7)
  An orc zombie (D:7)
  20 rats
  3 worms
  6 ballistomycetes (D:6)
146 creatures vanquished.

Vanquished Creatures (collateral kills)
  2 centaurs (D:8)
  An ogre (D:8)
  Erolcha (D:8)
4 creatures vanquished.

Vanquished Creatures (others)
  2 giant spores (D:6)
2 creatures vanquished.

Grand Total: 152 creatures vanquished

Notes
Turn   | Place    | Note
--------------------------------------------------------------
     0 | D:1      | Jenx, the Kobold Berserker, began the quest for the Orb.
     0 | D:1      | Reached XP level 1. HP: 14/14 MP: 1/1
   160 | D:1      | Reached skill level 1 in Stealth
   261 | D:1      | Reached XP level 2. HP: 13/19 MP: 2/2
   740 | D:2      | Reached XP level 3. HP: 4/23 MP: 3/3
  1089 | D:2      | Acquired Trog's second power
  1102 | D:2      | Reached XP level 4. HP: 24/28 MP: 4/4
  1299 | D:2      | Noticed Terence
  1309 | D:2      | Killed Terence
  1309 | D:2      | Reached skill level 5 in Short Blades
  1550 | D:2      | Reached XP level 5. HP: 32/32 MP: 5/5
  2192 | D:3      | Found an iron altar of Okawaru.
  2257 | D:3      | Reached skill level 5 in Stealth
  2467 | D:3      | Reached skill level 6 in Short Blades
  2551 | D:4      | Reached XP level 6. HP: 23/37 MP: 6/6
  2721 | D:4      | Noticed an ogre
  2727 | D:4      | Killed an ogre
  3494 | D:5      | Entered Level 5 of the Dungeon
  3891 | D:5      | Reached skill level 7 in Stealth
  4058 | D:5      | Reached XP level 7. HP: 41/41 MP: 7/7
  4252 | D:5      | Noticed Sigmund
  4269 | D:5      | HP: 2/41 [Sigmund/puff of flame (10)]
  4271 | D:5      | Killed Sigmund
  4271 | D:5      | Reached skill level 8 in Stealth
  4733 | D:5      | Reached skill level 9 in Stealth
  5198 | D:6      | Reached skill level 10 in Stealth
  5198 | D:6      | Reached XP level 8. HP: 43/46 MP: 8/8
  5602 | D:6      | Acquired Trog's third power
  5772 | D:6      | Found a staircase to the Ecumenical Temple.
  5922 | D:7      | Found a glowing golden altar of the Shining One.
  5923 | D:7      | Noticed an angel
  5929 | D:7      | Found a basalt altar of Yredelemnul.
  5930 | D:7      | Noticed a profane servitor
  6001 | D:7      | Reached skill level 10 in Short Blades
  6091 | D:7      | Got a smoking sling
  6092 | D:7      | Identified the cursed -2,-1 sling "Feoreal" {venom, Contam rElec rN+} (You found it on level 7 of the Dungeon)
  6273 | D:7      | Noticed a spriggan baker
  6287 | D:7      | Killed a spriggan baker
  6287 | D:7      | Reached XP level 9. HP: 50/51 MP: 9/9
  6407 | D:7      | Reached skill level 11 in Short Blades
  6470 | D:7      | Found Ghaatt's General Store.
  6497 | D:7      | Bought a potion of heal wounds for 30 gold pieces
  6497 | D:7      | Bought a potion of curing for 20 gold pieces
  6805 | D:8      | Noticed Erolcha
  6837 | D:8      | Killed Erolcha
  6856 | D:8      | Reached skill level 12 in Short Blades
  6940 | D:8      | Found a shimmering altar of Xom.
  6943 | D:8      | Paralysed by a giant eyeball for 3 turns
  6946 | D:8      | Noticed Gastronok
  6956 | D:8      | Slain by a sky beast

Action                   |  1- 3 |  4- 6 |  7- 9 || total
-------------------------+-------+-------+-------++-------
Melee: Short sword       |   102 |   249 |    91 ||   442
       Dagger            |       |       |   346 ||   346
 Fire: Blowgun           |       |     8 |     3 ||    11
Throw: Tomahawk          |       |     5 |     1 ||     6
Invok: Berserk           |     2 |     4 |     5 ||    11
       Trog's Hand       |       |     1 |     2 ||     3
       Brothers in Arms  |       |       |     1 ||     1
  Use: Potion            |     1 |       |       ||     1
       Scroll            |       |     6 |     3 ||     9
 Stab: Sleeping          |     3 |    10 |    12 ||    25
       Distracted        |       |     1 |     2 ||     3
